Map: Apotheosis LE

Players

Elemmakil

  • Race: Zerg Zerg
  • League: Gold

Montu - Winner!

  • Race: Terran Terran
  • League: Gold

VOD

Have the link to the VOD?

Description

Time

  • Played on: Sept. 5, 2016, 5:28 a.m.
  • Length: 18:06
Show
View Real Time Build Order
Export as new Build Order

Elemmakil Zerg 

Build Orders: Hatch First, Lurkers 

Get SALT Encoding   

  12  0:01  Drone  
  13  0:15  Overlord  
  13  0:17  Drone  
  14  0:34  Drone x2  
  16  0:51  Hatchery  
  15  0:59  Drone x2  
  15  1:02  Extractor  
  16  1:16  Spawning Pool  
  15  1:19  Drone  
  16  1:38  Drone x3  
  19  1:54  Extractor  
  19  2:00  Overlord  
  18  2:01  Overlord  
  18  2:11  Drone x2  
  20  2:17  Queen  
  22  2:23  Metabolic Boost  
  22  2:35  Queen  
  24  2:40  Drone  
  24  2:41  Drone x3  
  28  2:47  Overlord  
  28  3:01  Extractor  
  28  3:05  Spore Crawler, Extractor  
  25  3:24  Drone x3  
  25  3:25  Drone x2  
  25  3:26  Drone, Spore Crawler  
  30  3:34  Evolution Chamber  
  30  3:40  Roach Warren  
  28  4:20  Drone x15  
  43  4:28  Zerg Ground Armor Level 1  
  43  4:39  Lair  
  43  4:41  Drone  
  44  5:08  Hatchery  
  44  5:09  Evolution Chamber  
  42  5:14  Extractor  
  42  5:15  Overlord x2  
  42  5:16  Overlord  
  41  5:21  Extractor  
  40  5:35  Glial Reconstitution  
  40  5:38  Zerg Missile Weapons Level 1  
  40  5:40  Roach x7  
  54  5:51  Drone  
  54  5:53  Drone x3  
  58  6:09  Roach  
  58  6:10  Roach x4  
  63  6:26  Zerg Ground Armor Level 2  
  60  6:44  Drone x6  
  66  6:48  Queen  
  66  6:51  Queen  
  66  6:52  Queen  
  72  7:02  Spore Crawler  
  71  7:14  Overlord x4  
  71  7:24  Queen  
  73  7:32  Queen  
  75  7:37  Spire  
  75  7:39  Hydralisk Den  
  73  7:44  Ravager x2  
  73  7:45  Ravager x6  
  73  7:46  Ravager x4  
  73  7:50  Roach  
  73  7:51  Roach x5  
  73  8:38  Hydralisk  
  73  8:39  Hydralisk x11  
  89  8:42  Zerg Missile Weapons Level 2  
  85  9:01  Corruptor  
  85  9:02  Corruptor  
  89  9:08  Drone x2  
  91  9:13  Muscular Augments  
  91  9:16  Overseer  
  91  9:17  Overseer  
  91  9:18  Overseer  
  91  9:19  Pneumatized Carapace  
  89  10:01  Corruptor x8  
  89  10:06  Drone  
  106  10:15  Overlord x5  
  106  10:16  Overlord x2  
  89  10:51  Drone x3  
  89  10:52  Drone  
  89  10:53  Drone x2  
  89  10:54  Drone x3  
  89  10:55  Drone x5  
  89  10:56  Drone  
  104  10:58  Drone  
  104  10:59  Hatchery  
  104  11:06  Extractor  
  104  11:07  Lurker Den, Extractor  
  102  11:20  Infestation Pit  
  101  12:18  Hatchery, Extractor  
  99  12:23  Hatchery, Extractor, Hydralisk x10  
  99  12:25  Extractor  
  99  12:27  Hatchery, Extractor  
  99  12:29  Extractor  
  113  12:32  Extractor  
  112  12:40  Hydralisk x4  
  120  13:13  Lurker x2  
  120  13:14  Lurker x7  
  120  13:15  Lurker x6  
  120  13:17  Lurker  
  136  13:22  Drone x2  
  136  13:26  Overlord  
  138  13:29  Overlord  
  136  14:13  Corruptor  
  136  14:14  Corruptor x6  
  150  14:22  Drone x3  
  153  15:14  Hive  
  137  16:25  Spire  
  91  17:18  Hatchery  
  91  17:20  Extractor  
  89  17:27  Hatchery  
  88  17:37  Extractor  
  88  17:38  Extractor  
  88  17:39  Extractor  
Show
View Real Time Build Order
Export as new Build Order

Montu Terran - Winner!

Build Orders: Reaper Expand, MMM Bio 

Get SALT Encoding   

  12  0:01  SCV  
  13  0:13  SCV  
  14  0:18  Supply Depot  
  14  0:25  SCV  
  15  0:39  SCV  
  15  0:41  Barracks  
  16  0:47  Refinery  
  16  0:51  SCV  
  17  1:04  SCV  
  18  1:16  SCV  
  19  1:29  Orbital Command  
  19  1:31  Reaper  
  20  1:43  Command Center  
  20  1:54  Barracks  
  20  1:55  SCV  
  21  2:03  Supply Depot  
  21  2:07  Barracks Reactor  
  21  2:11  SCV  
  22  2:18  Refinery  
  22  2:23  SCV  
  23  2:35  Factory, SCV  
  24  2:45  Barracks Tech Lab  
  24  2:46  Marine x2  
  24  2:48  SCV  
  27  3:00  Supply Depot, SCV  
  27  3:03  Marine  
  27  3:04  Marine  
  30  3:07  Stimpack  
  30  3:09  Marine  
  31  3:13  SCV  
  31  3:17  Orbital Command  
  32  3:25  Marine  
  33  3:31  SCV  
  34  3:40  Factory Reactor  
  34  3:42  Starport  
  34  3:43  SCV  
  34  3:45  Marine  
  36  3:55  SCV  
  37  3:57  Marine x2  
  37  3:58  SCV  
  40  4:07  SCV  
  41  4:11  Marine  
  41  4:12  SCV  
  41  4:15  Marine x2  
  45  4:19  SCV  
  45  4:20  Supply Depot  
  46  4:29  Marine  
  47  4:32  Medivac x2  
  47  4:33  Marine x2  
  47  4:34  SCV  
  54  4:42  SCV  
  55  4:46  Supply Depot, SCV  
  55  4:49  Marine  
  57  4:54  Widow Mine  
  59  5:01  Command Center  
  59  5:02  Marine x2  
  59  5:07  SCV  
  62  5:08  Marine  
  62  5:09  Supply Depot  
  63  5:22  Marine x2  
  65  5:29  Marine  
  65  5:34  Factory Reactor  
  66  5:37  Barracks  
  66  5:39  Marine x2  
  66  5:40  Barracks  
  66  5:42  Barracks  
  68  5:46  Engineering Bay  
  68  5:47  Marine  
  69  5:58  Marine x2  
  69  5:59  SCV x2  
  65  6:21  Liberator  
  65  6:22  Liberator  
  65  6:23  Marine x3  
  64  6:29  SCV  
  64  6:30  SCV  
  63  6:34  Barracks Tech Lab x2  
  63  6:36  Barracks Reactor  
  63  6:40  Marine  
  63  6:41  Marine x2  
  63  6:42  Supply Depot  
  63  6:45  Orbital Command  
  66  6:47  Terran Infantry Weapons Level 1  
  66  6:50  Engineering Bay  
  66  6:53  SCV  
  67  6:55  Refinery  
  67  6:57  Combat Shields, Refinery  
  67  6:59  Concussive Shells  
  67  7:03  SCV  
  67  7:05  SCV  
  67  7:07  Factory, Widow Mine  
  67  7:08  Widow Mine  
  71  7:11  Marine  
  71  7:12  Marine x2  
  71  7:13  Marine  
  71  7:14  Marauder x2  
  81  7:23  Supply Depot  
  80  7:36  Widow Mine x2  
  82  7:40  SCV  
  82  7:41  Marine x4, SCV  
  82  7:42  Marauder  
  82  7:43  Marauder  
  95  7:46  Marauder  
  95  7:47  Terran Infantry Armor Level 1  
  97  7:51  SCV  
  97  7:53  SCV x2  
  99  8:04  Missile Turret, Orbital Command  
  87  8:27  Marine x2  
  87  8:28  Marauder x2  
  88  8:36  Marine x2  
  88  8:37  Marauder, SCV x3  
  88  8:40  Medivac x2  
  87  8:42  Factory Tech Lab  
  83  8:52  SCV x2  
  83  9:02  Marine x4  
  79  9:03  Marine x3  
  79  9:04  Siege Tank  
  79  9:06  SCV x2  
  79  9:08  SCV  
  90  9:15  Missile Turret  
  90  9:18  SCV  
  90  9:20  Marine x4  
  93  9:25  Liberator  
  93  9:27  Marine x2  
  93  9:28  Marauder  
  97  9:33  Barracks  
  97  9:35  Barracks  
  97  9:43  SCV  
  97  9:44  SCV x2  
  101  9:46  Barracks, Marauder  
  101  9:47  Marauder  
  101  9:54  Liberator  
  101  9:55  Marauder  
  101  10:05  Supply Depot x2  
  101  10:10  Supply Depot x2, Marine x2  
  101  10:11  Marauder, Marine x3, Siege Tank, SCV  
  115  10:16  Marauder  
  117  10:28  Marine x2  
  117  10:29  Marauder, Marine x2  
  117  10:32  Marine  
  125  10:37  Barracks Tech Lab, Marine  
  125  10:39  Barracks Reactor  
  125  10:42  Medivac  
  126  10:43  Siege Tank  
  126  10:46  Marine x2  
  126  10:47  Marine x2  
  133  10:50  Marine x2  
  133  10:54  Medivac  
  133  10:55  Marauder  
  139  10:58  Marine  
  140  11:04  Marine x4  
  140  11:06  Armory  
  140  11:08  Marauder x2  
  148  11:12  Medivac  
  148  11:15  Siege Tank  
  148  11:17  Marauder  
  155  11:21  Marine x2  
  157  11:28  Medivac, Marine x5  
  157  11:29  Marine x2  
  166  11:37  Marine  
  166  11:39  Marine x2  
  169  11:42  Medivac  
  169  11:46  Marine x2  
  173  11:52  Marine  
  164  11:57  Marine  
  164  11:58  Marauder, Marine  
  164  11:59  Marauder  
  170  12:02  Viking  
  170  12:05  Widow Mine x2  
  166  12:10  Refinery  
  166  12:11  Refinery  
  166  12:12  Viking  
  166  12:14  Supply Depot  
  168  12:15  Supply Depot  
  168  12:17  Supply Depot x2  
  168  12:23  Marine x5  
  173  12:31  Marine x5  
  173  12:35  Supply Depot  
  173  12:37  Supply Depot x2, Viking  
  178  12:41  Marine x5  
  178  12:42  Viking  
  187  12:49  Marine  
  187  12:50  Marauder x4  
  196  12:59  Marine  
  197  13:07  Marine x3  
  200  13:33  Terran Infantry Armor Level 2, Terran Infantry Weapons Level 2  
  200  14:29  Command Center  
  200  14:30  Command Center  
  200  14:32  Command Center  
  200  15:04  Orbital Command  
  194  15:52  Viking  
  194  15:53  Viking  
  198  16:00  Orbital Command  
  198  16:02  Orbital Command  
  198  16:04  Orbital Command  
  185  17:30  Siege Tank  
Tags
 
Add a new tag
Caveats
  • Supply blocks, unpowered buildings, or Contaminate may cause inaccurate times.
  • Supply counts are checked every 10 seconds.